MAA
ST. ALBERT PRODIGY @ YAKIMA HOPS
06/02/2019
 
TOP OF THE 1ST
St. Albert Prodigy batting - Pitching for Yakima Hops : RHP Júlio Martínez
Pitching: RHP Júlio Martínez
Batting: RHB Anthony Trujillo 0-0: Ball
1-0: Ball
2-0: SINGLE (Groundball, 6M)
Batting: LHB António Pineda 0-0: Ball
1-0: Ground out 4-3 (Groundball, 4M)
Anthony Trujillo to second
Batting: RHB Bruce Reiser 0-0: Ball
1-0: Called Strike
1-1: Ball
2-1: Ground out 5-3 (Groundball, 5)
Batting: RHB Harrison Blackford 0-0: SINGLE (Line Drive, 6M)
Anthony Trujillo to third
Runner from 3rd tries for Home, SAFE, no throw or cutoff
Batting: SHB Monte Adams 0-0: Called Strike
0-1: Swinging Strike
0-2: Strikes out swinging
Top of the 1st over - 1 run(s), 2 hit(s), 0 error(s), 1 left on base; St. Albert 1 - Yakima 0
BOTTOM OF THE 1ST
Yakima Hops batting - Pitching for St. Albert Prodigy : RHP Woody Carlson
Pitching: RHP Woody Carlson
Batting: RHB Roberto Andrade 0-0: SOLO HOME RUN (Flyball, 7D), Distance : 393 ft
Batting: SHB Craig Barnes 0-0: Ball
1-0: Swinging Strike
1-1: Ball
2-1: Called Strike
2-2: Foul Ball, location: 2F
2-2: SINGLE (Groundball, 34D)
Batting: RHB Marcos Rivera 0-0: Ball
1-0: Called Strike
1-1: Ball
2-1: Ball
3-1: Base on Balls
Craig Barnes to second
Batting: SHB Brian Ray 0-0: Ball
1-0: Ball
2-0: Ball
3-0: Called Strike
3-1: Base on Balls
Craig Barnes to third
Marcos Rivera to second
Batting: RHB Orlando Trevino 0-0: Ball
1-0: SINGLE (Line Drive, 8LS)
Craig Barnes scores
Marcos Rivera to third
Brian Ray to second
Batting: RHB Rafael Najcrea 0-0: Ball
Wild Pitch!
Marcos Rivera scores
Brian Ray to third
Orlando Trevino to second
1-0: SINGLE (Line Drive, 8LS)
Brian Ray scores
Orlando Trevino to third
Batting: RHB Michael Martin 0-0: Ball
1-0: Foul Ball, location: 2F
1-1: Ball
2-1: Ball
3-1: Base on Balls
Rafael Najcrea to second
Batting: SHB Carlos Sánchez 0-0: Ball
1-0: Foul Ball, location: 2F
1-1: Foul Ball, location: 2F
1-2: Ball
2-2: Foul Ball, location: 2F
2-2: SINGLE (Line Drive, 56D)
Orlando Trevino scores
Rafael Najcrea to third
Michael Martin to second
Batting: RHB Jim Allen 0-0: Ball
1-0: Called Strike
1-1: Ball
2-1: Ball
3-1: Base on Balls
Rafael Najcrea scores
Michael Martin to third
Carlos Sánchez to second
Batting: RHB Roberto Andrade 0-0: Ball
1-0: Ball
2-0: Reached on Error, E9 (Flyball, 9M)
Michael Martin scores
Carlos Sánchez to third
Jim Allen to second
Batting: SHB Craig Barnes 0-0: Ball
1-0: Ball
2-0: Ball
3-0: Called Strike
3-1: Foul Ball, location: 2F
3-2: Base on Balls
Carlos Sánchez scores
Jim Allen to third
Roberto Andrade to second
Pitching: RHP Eduardo Estrada
Batting: RHB Marcos Rivera 0-0: Swinging Strike
0-1: Foul Ball, location: 2F
0-2: Ball
1-2: Ball
2-2: Ball
3-2: Strikes out swinging
Batting: SHB Brian Ray 0-0: Called Strike
0-1: Foul Ball, location: 2F
0-2: Fly out, F6 (Popup, 5)
Batting: RHB Orlando Trevino 0-0: Ball
1-0: Foul Ball, location: 2F
1-1: Swinging Strike
1-2: Ball
2-2: Ball
3-2: Foul Ball, location: 2F
3-2: Strikes out swinging
Bottom of the 1st over - 8 run(s), 5 hit(s), 1 error(s), 3 left on base; St. Albert 1 - Yakima 8
TOP OF THE 2ND
St. Albert Prodigy batting - Pitching for Yakima Hops : RHP Júlio Martínez
Batting: SHB Ryan Cook 0-0: Ball
1-0: Ball
2-0: Called Strike
2-1: Ball
3-1: Fly out, F6 (Popup, 7LSF)
Batting: LHB Abel Kelly 0-0: Ball
1-0: Called Strike
1-1: Swinging Strike
1-2: Ball
2-2: Strikes out looking
Batting: RHB Clarence Neal 0-0: Ball
1-0: Ground out 4-3 (Groundball, 4)
Top of the 2nd over - 0 run(s), 0 hit(s), 0 error(s), 0 left on base; St. Albert 1 - Yakima 8
BOTTOM OF THE 2ND
Yakima Hops batting - Pitching for St. Albert Prodigy : RHP Eduardo Estrada
Batting: RHB Rafael Najcrea 0-0: Fly out, F4 (Popup, 4S)
Batting: RHB Michael Martin 0-0: Swinging Strike
0-1: Ball
1-1: Swinging Strike
1-2: Strikes out swinging
Batting: SHB Carlos Sánchez 0-0: Foul Ball, location: 2F
0-1: Called Strike
0-2: Strikes out looking
Bottom of the 2nd over - 0 run(s), 0 hit(s), 0 error(s), 0 left on base; St. Albert 1 - Yakima 8
TOP OF THE 3RD
St. Albert Prodigy batting - Pitching for Yakima Hops : RHP Júlio Martínez
Batting: RHB Frank Walker 0-0: Ground out 5-3 (Groundball, 56)
Batting: RHB Anthony Trujillo 0-0: Foul Ball, location: 2F
0-1: SINGLE (Flyball, 4MD)
Batting: LHB António Pineda 0-0: Ball
1-0: Ball
2-0: Called Strike
2-1: Swinging Strike
2-2: Ball
3-2: Fly out, F5 (Popup, 5SF)
Batting: RHB Bruce Reiser 0-0: Called Strike
0-1: Ball
1-1: Ball
2-1: Ball
3-1: Base on Balls
Anthony Trujillo to second
Batting: RHB Harrison Blackford 0-0: Called Strike
0-1: Fly out, F8 (Flyball, 8RM)
Top of the 3rd over - 0 run(s), 1 hit(s), 0 error(s), 2 left on base; St. Albert 1 - Yakima 8
BOTTOM OF THE 3RD
Yakima Hops batting - Pitching for St. Albert Prodigy : RHP Eduardo Estrada
Batting: RHB Jim Allen 0-0: Called Strike
0-1: Foul Ball, location: 2F
0-2: Foul Ball, location: 2F
0-2: Foul Ball, location: 2F
0-2: Foul Ball, location: 2F
0-2: Ball
1-2: Foul Ball, location: 2F
1-2: SINGLE (Groundball, 6MD)
Batting: RHB Roberto Andrade 0-0: Called Strike
0-1: Ball
1-1: Ball
2-1: Ground out 6-3 (Groundball, 4M)
Jim Allen to second
Batting: SHB Craig Barnes 0-0: Ball
1-0: Ball
2-0: Ball
3-0: Base on Balls
Batting: RHB Marcos Rivera 0-0: Grounds into double play, 6-4-3 (Groundball, 6)
Bottom of the 3rd over - 0 run(s), 1 hit(s), 0 error(s), 1 left on base; St. Albert 1 - Yakima 8
TOP OF THE 4TH
St. Albert Prodigy batting - Pitching for Yakima Hops : RHP Júlio Martínez
Batting: SHB Monte Adams 0-0: Ball
1-0: Foul Ball, location: 2F
1-1: Foul Ball, location: 2F
1-2: Ball
2-2: Strikes out swinging
Batting: SHB Ryan Cook 0-0: Ball
1-0: Ball
2-0: Called Strike
2-1: Foul Ball, location: 2F
2-2: SINGLE (Groundball, 56)
Batting: LHB Abel Kelly 0-0: Called Strike
0-1: Ball
1-1: Ball
2-1: Foul Ball, location: 2F
2-2: Foul Ball, location: 2F
2-2: Strikes out swinging
Batting: RHB Clarence Neal 0-0: Called Strike
0-1: Ball
1-1: Ball
2-1: SINGLE (Groundball, 56D)
Ryan Cook to second
Batting: RHB Frank Walker 0-0: Ball
1-0: Ball
2-0: Called Strike
2-1: Ball
3-1: Foul Ball, location: 2F
3-2: Foul Ball, location: 2F
3-2: Strikes out swinging
Top of the 4th over - 0 run(s), 2 hit(s), 0 error(s), 2 left on base; St. Albert 1 - Yakima 8
BOTTOM OF THE 4TH
Yakima Hops batting - Pitching for St. Albert Prodigy : RHP Eduardo Estrada
Batting: SHB Brian Ray 0-0: Ball
1-0: Foul Ball, location: 2F
1-1: Foul Ball, location: 2F
1-2: Strikes out swinging
Batting: RHB Orlando Trevino 0-0: Called Strike
0-1: Ball
1-1: Ball
2-1: Swinging Strike
2-2: Foul Ball, location: 2F
2-2: Ground out U3 (Groundball, 3)
Batting: RHB Rafael Najcrea 0-0: Ball
1-0: SINGLE (Line Drive, 6MD)
Batting: RHB Michael Martin 0-0: Called Strike
0-1: Swinging Strike
0-2: Ball
1-2: Ball
2-2: Strikes out swinging
Bottom of the 4th over - 0 run(s), 1 hit(s), 0 error(s), 1 left on base; St. Albert 1 - Yakima 8
TOP OF THE 5TH
St. Albert Prodigy batting - Pitching for Yakima Hops : RHP Júlio Martínez
Batting: RHB Anthony Trujillo 0-0: Called Strike
0-1: Foul Ball, location: 2F
0-2: Strikes out swinging
Batting: LHB António Pineda 0-0: Called Strike
0-1: Swinging Strike
0-2: Fly out, F8 (Line Drive, 8LS)
Batting: RHB Bruce Reiser 0-0: Ball
1-0: Foul Ball, location: 2F
1-1: Ball
2-1: Swinging Strike
2-2: Strikes out swinging
Top of the 5th over - 0 run(s), 0 hit(s), 0 error(s), 0 left on base; St. Albert 1 - Yakima 8
BOTTOM OF THE 5TH
Yakima Hops batting - Pitching for St. Albert Prodigy : RHP Eduardo Estrada
Pitching: LHP Félix Aguilar
Batting: SHB Carlos Sánchez 0-0: Ball
1-0: Ball
2-0: Fly out, F7 (Flyball, 78M)
Batting: RHB Jim Allen 0-0: Called Strike
0-1: Foul Ball, location: 2F
0-2: Ball
1-2: SINGLE (Flyball, 9LS)
Batting: RHB Roberto Andrade 0-0: Ball
1-0: Called Strike
1-1: Ball
2-1: Ball
3-1: Swinging Strike
3-2: Foul Ball, location: 2F
3-2: SINGLE (Groundball, 6MD)
Jim Allen to second
Batting: SHB Craig Barnes 0-0: SINGLE (Line Drive, 8LS)
Jim Allen to third
Roberto Andrade to second
Batting: RHB Marcos Rivera 0-0: Called Strike
0-1: SINGLE (Popup, 4MD)
Jim Allen scores
Roberto Andrade to third
Craig Barnes to second
Runner from 3rd tries for Home, SAFE, no throw or cutoff
Batting: SHB Brian Ray 0-0: SINGLE (Groundball, 15) (infield hit)
Craig Barnes to third
Marcos Rivera to second
Batting: RHB Orlando Trevino 0-0: Swinging Strike
0-1: Foul Ball, location: 2F
0-2: Foul Ball, location: 2F
0-2: Ball
1-2: Foul Ball, location: 2F
1-2: Ball
2-2: Foul Ball, location: 2F
2-2: Fly out, F7 (Flyball, 7LM)
Runner from 3rd tags up, SCORES, throw made
Pitching: RHP Cal Pierce
Batting: RHB Rafael Najcrea 0-0: Called Strike
0-1: Swinging Strike
0-2: Foul Ball, location: 2F
0-2: Ball
1-2: Foul Ball, location: 2F
1-2: Strikes out swinging
Bottom of the 5th over - 3 run(s), 5 hit(s), 0 error(s), 2 left on base; St. Albert 1 - Yakima 11
TOP OF THE 6TH
St. Albert Prodigy batting - Pitching for Yakima Hops : RHP Júlio Martínez
Batting: RHB Harrison Blackford 0-0: Ball
1-0: Ball
2-0: Swinging Strike
2-1: Called Strike
2-2: Ball
3-2: SINGLE (Groundball, 5L) (infield hit)
Batting: SHB Monte Adams 0-0: Ball
1-0: Ball
2-0: Called Strike
2-1: Fielders Choice at 2nd, 6-4 (Groundball, 6M)
Batting: SHB Ryan Cook 0-0: Called Strike
0-1: Ball
1-1: Ball
2-1: Called Strike
2-2: Ball
3-2: Strikes out swinging
Batting: LHB Abel Kelly 0-0: Ball
1-0: Foul Ball, location: 2F
1-1: Ball
2-1: Foul Ball, location: 2F
2-2: Fly out, F9 (Flyball, 89S)
Top of the 6th over - 0 run(s), 1 hit(s), 0 error(s), 1 left on base; St. Albert 1 - Yakima 11
BOTTOM OF THE 6TH
Yakima Hops batting - Pitching for St. Albert Prodigy : RHP Cal Pierce
Batting: RHB Michael Martin 0-0: Ball
1-0: Called Strike
1-1: Foul Ball, location: 2F
1-2: Fly out, F9 (Flyball, 89M)
Batting: SHB Carlos Sánchez 0-0: DOUBLE (Line Drive, 78M)
Batting: RHB Jim Allen 0-0: Called Strike
0-1: Ball
1-1: Called Strike
1-2: Strikes out looking
Batting: RHB Roberto Andrade 0-0: Ball
1-0: DOUBLE (Flyball, 78XD)
Carlos Sánchez scores
Batting: SHB Craig Barnes 0-0: Swinging Strike
0-1: Foul Ball, location: 2F
0-2: Strikes out looking
Bottom of the 6th over - 1 run(s), 2 hit(s), 0 error(s), 1 left on base; St. Albert 1 - Yakima 12
TOP OF THE 7TH
St. Albert Prodigy batting - Pitching for Yakima Hops : RHP Júlio Martínez
Batting: RHB Clarence Neal 0-0: Called Strike
0-1: Ball
1-1: Ground out 6-3 (Groundball, 6)
Batting: RHB Frank Walker 0-0: Foul Ball, location: 2F
0-1: Ball
1-1: SINGLE (Line Drive, 56D)
Pitching: RHP Bill Muńóz
Pinch Hitting: LHB John Rahilly 0-0: Ball
Frank Walker is caught stealing 2nd base
1-0: Foul Ball, location: 2F
1-1: Ball
2-1: Foul Ball, location: 2F
2-2: Strikes out swinging
Top of the 7th over - 0 run(s), 1 hit(s), 0 error(s), 0 left on base; St. Albert 1 - Yakima 12
BOTTOM OF THE 7TH
Yakima Hops batting - Pitching for St. Albert Prodigy : RHP Cal Pierce
Now in LF: Jim Unknown
Batting: RHB Marcos Rivera 0-0: Fly out, F4 (Popup, 3DF)
Batting: SHB Brian Ray 0-0: Ball
1-0: Ball
2-0: Ball
3-0: Base on Balls
Batting: RHB Orlando Trevino 0-0: Ball
1-0: Fly out, F8 (Flyball, 8RM)
Batting: RHB Rafael Najcrea 0-0: Called Strike
0-1: Ball
1-1: SINGLE (Groundball, 56D)
Brian Ray to second
Batting: RHB Michael Martin 0-0: Ball
1-0: Ball
2-0: Called Strike
2-1: Ground out 3-1 (Groundball, 34)
Bottom of the 7th over - 0 run(s), 1 hit(s), 0 error(s), 2 left on base; St. Albert 1 - Yakima 12
TOP OF THE 8TH
St. Albert Prodigy batting - Pitching for Yakima Hops : RHP Bill Muńóz
Batting: LHB António Pineda 0-0: Ground out 4-3 (Groundball, 4MD)
Batting: RHB Bruce Reiser 0-0: Ball
1-0: Called Strike
1-1: Ground out 4-3 (Groundball, 4)
Batting: RHB Harrison Blackford 0-0: Ball
1-0: Ball
2-0: Called Strike
2-1: Ball
3-1: SINGLE (Groundball, 56S)
Batting: SHB Monte Adams 0-0: Called Strike
0-1: Swinging Strike
0-2: Strikes out swinging
Top of the 8th over - 0 run(s), 1 hit(s), 0 error(s), 1 left on base; St. Albert 1 - Yakima 12
BOTTOM OF THE 8TH
Yakima Hops batting - Pitching for St. Albert Prodigy : RHP Cal Pierce
Pitching: RHP Alfonso Miranda
Batting: SHB Carlos Sánchez 0-0: Called Strike
0-1: Ball
1-1: Fly out, F9 (Flyball, 89M)
Batting: RHB Jim Allen 0-0: Swinging Strike
0-1: Ball
1-1: Ground out 4-3 (Groundball, 4)
Batting: RHB Roberto Andrade 0-0: Foul Ball, location: 2F
0-1: Ball
1-1: Ball
2-1: Ball
3-1: Base on Balls
Batting: SHB Craig Barnes 0-0: Fly out, F8 (Line Drive, 8LM)
Bottom of the 8th over - 0 run(s), 0 hit(s), 0 error(s), 1 left on base; St. Albert 1 - Yakima 12
TOP OF THE 9TH
St. Albert Prodigy batting - Pitching for Yakima Hops : RHP Bill Muńóz
Batting: SHB Ryan Cook 0-0: Called Strike
0-1: Ground out 1-3 (Groundball, 15)
Batting: LHB Abel Kelly 0-0: Fly out, F9 (Flyball, 9LM)
Batting: RHB Clarence Neal 0-0: Ball
1-0: Ball
2-0: Called Strike
2-1: Foul Ball, location: 2F
2-2: Foul Ball, location: 2F
2-2: Fly out, F7 (Flyball, 7S)
Top of the 9th over - 0 run(s), 0 hit(s), 0 error(s), 0 left on base; St. Albert 1 - Yakima 12
This league is powered by Out of the Park Baseball, the baseball management simulation game for PC, Mac and Linux
Saturday, July 25th, 2015 - OOTP Baseball 15.6 Build 34